[Event "Vergani Le Terrazze-Elite 2019"]
[Site "Villorba"]
[Date "2019.01.04"]
[Round "5"]
[White "Andraisian, Zaven"]
[Black "Epishin, Vladimir"]
[Result "1/2-1/2"]
[ECO "B12"]
[WhiteElo "2604"]
[BlackElo "2563"]
[Annotator "ChessBase"]
[PlyCount "57"]
[EventDate "2019.01.02"]
[EventType "swiss"]
[EventCountry "ITA"]
[SourceTitle "playchess.com"]
[Source "ChessBase"]
[SourceQuality "1"]
[TimeControl "5400+30"]

1. e4 c6 2. d4 d5 3. e5 c5 4. dxc5 e6 5. Bd3 Nd7 6. Nf3 Nxc5 7. O-O Ne7 8. Nc3 Nxd3 9. Qxd3 Bd7 10. Bd2 Ng6 11. Rae1 Bc5 12. Nd4 O-O 13. Nb3 b6 14. Kh1 Rc8 15. f4 Re8 16. Ne2 f6 17. exf6 Qxf6 18. Bc3 Qf5 19. Qg3 Bd6 20. Nbd4 Qh5 21. Qd3 Rf8 22. Bd2 Ne7 23. Ng3 Qg6 24. Qe2 Rf6 25. c3 Re8 26. Qd1 Ref8 27. Nge2 Nf5 28. Nxf5 Rxf5 29. Nd4 1/2-1/2

[Event "Vergani Le Terrazze-Elite 2019"]
[Site "Villorba"]
[Date "2019.01.04"]
[Round "5"]
[White "Ter-Sahakyan, Samvel"]
[Black "Velten, Paul"]
[Result "1/2-1/2"]
[ECO "C10"]
[WhiteElo "2574"]
[BlackElo "2496"]
[Annotator "ChessBase"]
[PlyCount "81"]
[EventDate "2019.01.02"]
[EventType "swiss"]
[EventCountry "ITA"]
[SourceTitle "playchess.com"]
[Source "ChessBase"]
[SourceQuality "1"]
[TimeControl "5400+30"]

1. e4 e6 2. d4 d5 3. Nc3 Nc6 4. e5 Nge7 5. Nf3 Nf5 6. Ne2 Bd7 7. c3 f6 8. Ng3 Nxg3 9. hxg3 Qe7 10. Qc2 h6 11. exf6 gxf6 12. Nh4 Rg8 13. Ng6 Qf7 14. Nxf8 Qxf8 15. Bxh6 Qd6 16. Bg7 O-O-O 17. Bxf6 Rdf8 18. Rh6 Rf7 19. Bh4 Qf8 20. Rh5 e5 21. dxe5 Bg4 22. Rg5 Rxg5 23. Bxg5 Nxe5 24. Be3 Qh8 25. Qa4 a6 26. Qd4 Re7 27. Kd2 Qe8 28. Re1 Bf5 29. f3 Bh7 30. Bf2 Qg6 31. Bd3 Qxd3+ 32. Qxd3 Bxd3 33. f4 Be4 34. fxe5 Rxe5 35. Rh1 Bxg2 36. Rh8+ Kd7 37. Be3 Re7 38. g4 Be4 39. g5 Rh7 40. Rxh7+ Bxh7 41. Bf2 1/2-1/2

[Event "Vergani Le Terrazze-Elite 2019"]
[Site "Villorba"]
[Date "2019.01.04"]
[Round "5"]
[White "Sonis, Francesco"]
[Black "Jobava, Baadur"]
[Result "1/2-1/2"]
[ECO "B41"]
[WhiteElo "2473"]
[BlackElo "2629"]
[Annotator "RC"]
[PlyCount "133"]
[EventDate "2019.01.02"]
[EventType "swiss"]
[EventCountry "ITA"]
[SourceTitle "playchess.com"]
[Source "ChessBase"]
[SourceQuality "1"]
[TimeControl "5400+30"]

1. e4 c5 2. Nf3 e6 3. d4 cxd4 4. Nxd4 a6 5. c4 Nf6 6. Nc3 Bb4 7. Qd3 d6 8. Nc2 Bxc3+ 9. Qxc3 e5 10. Bd3 Be6 11. O-O Nbd7 12. b3 O-O 13. Ba3 Nc5 14. Bxc5 dxc5 15. Rad1 Nd7 16. Ne3 Qg5 17. g3 Bh3 18. Rfe1 Rfd8 19. Bf1 Bxf1 20. Kxf1 Nf6 21. Nd5 Nxd5 22. exd5 f6 23. Qa5 b5 24. cxb5 axb5 25. Qxb5 Rxa2 26. Qxc5 Qf5 27. Kg1 h5 28. Qb6 Kh7 29. Rf1 h4 30. Qb4 hxg3 31. hxg3 Kg6 32. d6 Rh8 33. Qb7 Ra7 34. Qg2 Rb8 35. Qd5 Rd7 36. Kg2 Rbd8 37. Qf3 Rb8 38. Qxf5+ Kxf5 39. Rd3 e4 40. Rd5+ Ke6 41. Rd4 Ke5 42. Rfd1 Rxb3 43. Rd5+ Ke6 44. g4 g6 45. Ra5 Rd3 46. Re1 f5 47. Rh1 f4 48. Ra4 Kd5 49. Ra5+ Kxd6 50. Ra6+ Ke5 51. Rxg6 Rf7 52. Rh5+ Kd4 53. Ra5 Kc3 54. Rc6+ Kd2 55. Ra2+ Ke1 56. Rc1+ Rd1 57. Rcc2 f3+ 58. Kg3 Kf1 59. Rc4 Re1 60. Rc3 e3 61. Rxe3 Rxe3 62. fxe3 f2 63. g5 Ke1 64. Kg4 Rd7 65. Rxf2 Kxf2 66. g6 Kxe3 67. Kf5 1/2-1/2

[Event "Vergani Le Terrazze-Elite 2019"]
[Site "Villorba"]
[Date "2019.01.04"]
[Round "5"]
[White "Prithu Gupta"]
[Black "Basso, Pier Luigi"]
[Result "1/2-1/2"]
[ECO "C60"]
[WhiteElo "2462"]
[BlackElo "2522"]
[Annotator "ChessBase"]
[PlyCount "119"]
[EventDate "2019.01.02"]
[EventType "swiss"]
[EventCountry "ITA"]
[SourceTitle "playchess.com"]
[Source "ChessBase"]
[SourceQuality "1"]
[TimeControl "5400+30"]

1. e4 e5 2. Nf3 Nc6 3. Bb5 g6 4. c3 a6 5. Bxc6 dxc6 6. d4 exd4 7. cxd4 Bg4 8. Be3 Bg7 9. Nc3 Ne7 10. h3 Bxf3 11. Qxf3 O-O 12. Rd1 f5 13. e5 f4 14. Bc1 Nf5 15. Qxf4 Bh6 16. Qe4 Bxc1 17. Rxc1 Qxd4 18. Qxd4 Nxd4 19. O-O Rf5 20. Rcd1 Ne6 21. Rfe1 Re8 22. Ne4 Re7 23. Nd6 cxd6 24. exd6 Rd7 25. Rxe6 Rd5 26. Rxd5 cxd5 27. Re7 Rxd6 28. Rxb7 Rc6 29. Kf1 Rc2 30. a3 d4 31. Ke1 d3 32. Rb3 Re2+ 33. Kf1 Rd2 34. g3 Kf7 35. Kg2 Ke6 36. Kf3 Re2 37. Rxd3 Rxb2 38. Rc3 a5 39. Rc7 h6 40. Rc6+ Kf7 41. Rc3 Ke6 42. Kg2 Ra2 43. h4 h5 44. Kf3 a4 45. Ke3 Ke5 46. f3 Ra1 47. Rc5+ Kf6 48. Rc6+ Kf5 49. Rc5+ Kf6 50. Kf4 Rxa3 51. Rc6+ Kf7 52. Ra6 Kg7 53. Ra7+ Kf6 54. g4 hxg4 55. fxg4 g5+ 56. hxg5+ Kg6 57. Ra6+ Kg7 58. g6 Rb3 59. Rxa4 Kxg6 60. Ke4 1/2-1/2

[Event "Vergani Le Terrazze-Elite 2019"]
[Site "Villorba"]
[Date "2019.01.04"]
[Round "5"]
[White "Horvath, Dominik"]
[Black "Blohberger, Felix"]
[Result "0-1"]
[ECO "A13"]
[WhiteElo "2417"]
[BlackElo "2450"]
[Annotator "ChessBase"]
[PlyCount "68"]
[EventDate "2019.01.02"]
[EventType "swiss"]
[EventCountry "ITA"]
[SourceTitle "playchess.com"]
[Source "ChessBase"]
[SourceQuality "1"]
[TimeControl "5400+30"]

1. c4 e6 2. Nc3 Bb4 3. Qb3 a5 4. a3 Bxc3 5. Qxc3 Nf6 6. g3 O-O 7. Bg2 d6 8. Nf3 e5 9. d3 c5 10. Bg5 Nc6 11. O-O h6 12. Bxf6 Qxf6 13. e3 Be6 14. Nd2 Qe7 15. f4 exf4 16. gxf4 Qd7 17. Rf3 Ne7 18. Ne4 Kh8 19. Kh1 f6 20. Rg1 b6 21. Rg3 d5 22. cxd5 Nxd5 23. Qe1 Rae8 24. Nc3 Re7 25. Nxd5 Bxd5 26. e4 Bc6 27. Qd1 Qd4 28. Qh5 f5 29. Rg6 Be8 30. Rxh6+ gxh6 31. Qxh6+ Kg8 32. e5 Rg7 33. Qe6+ Bf7 34. Qxf5 Bd5 0-1

[Event "Vergani Le Terrazze-Elite 2019"]
[Site "Villorba"]
[Date "2019.01.04"]
[Round "5"]
[White "Carnicelli, Valerio"]
[Black "Repka, Christopher"]
[Result "1-0"]
[ECO "C45"]
[WhiteElo "2241"]
[BlackElo "2491"]
[Annotator "RC"]
[PlyCount "119"]
[EventDate "2019.01.02"]
[EventType "swiss"]
[EventCountry "ITA"]
[SourceTitle "playchess.com"]
[Source "ChessBase"]
[SourceQuality "1"]
[TimeControl "5400+30"]

1. e4 e5 2. Nf3 Nc6 3. d4 exd4 4. Nxd4 Nf6 5. Nxc6 bxc6 6. e5 Qe7 7. Qe2 Nd5 8. c4 Ba6 9. b3 g6 10. g3 Bg7 11. Bb2 O-O 12. Bg2 Rfe8 13. O-O Bxe5 14. Qxe5 Qxe5 15. Bxe5 Rxe5 16. cxd5 Bxf1 17. Kxf1 cxd5 18. Nc3 c6 19. Na4 Kf8 20. Nc5 Ke8 21. Rd1 Rb8 22. Rd4 a5 23. Nd3 Re7 24. Ra4 Rb5 25. b4 d6 26. Rxa5 Rxa5 27. bxa5 Ra7 28. Nb4 Kd7 29. a6 c5 30. Nxd5 Rxa6 31. a4 Kd8 32. Nc3 Rb6 33. Bd5 f5 34. Ke2 Rb2+ 35. Kd3 Rxf2 36. a5 Rf1 37. a6 Ra1 38. Na2 Kc7 39. a7 c4+ 40. Kxc4 Rxa2 41. a8=Q Rxa8 42. Bxa8 Kd7 43. Bf3 Ke6 44. Kd4 g5 45. Bh5 Kf6 46. h3 g4 47. hxg4 fxg4 48. Bxg4 Kg5 49. Bh3 h5 50. Kd5 h4 51. g4 Kf4 52. Kxd6 Kg3 53. g5 Kxh3 54. g6 Kh2 55. g7 h3 56. g8=Q Kh1 57. Qd5+ Kg1 58. Qd4+ Kh1 59. Qf2 h2 60. Qf1# 1-0

[Event "Vergani Le Terrazze-Elite 2019"]
[Site "Villorba"]
[Date "2019.01.04"]
[Round "6"]
[White "Jobava, Baadur"]
[Black "Sadhwani, Raunak"]
[Result "1/2-1/2"]
[ECO "E48"]
[WhiteElo "2629"]
[BlackElo "2451"]
[Annotator "ChessBase"]
[PlyCount "161"]
[EventDate "2019.01.02"]
[EventType "swiss"]
[EventCountry "ITA"]
[SourceTitle "playchess.com"]
[Source "ChessBase"]
[SourceQuality "1"]
[TimeControl "5400+30"]

1. d4 Nf6 2. c4 e6 3. Nc3 Bb4 4. e3 O-O 5. Bd3 d5 6. cxd5 exd5 7. Nge2 Re8 8. O-O Bd6 9. f3 c5 10. Kh1 Nbd7 11. Bd2 b6 12. Rc1 Bb7 13. Qe1 a6 14. a3 Nf8 15. Qf2 Rc8 16. Bb1 Ne6 17. Ba2 Rc7 18. Rfd1 Rce7 19. Ng3 g6 20. Nce2 cxd4 21. exd4 Qb8 22. Re1 Nf4 23. Nxf4 Bxf4 24. Nf1 Bxd2 25. Qxd2 Rxe1 26. Rxe1 Rxe1 27. Qxe1 Qc7 28. Bb3 Qf4 29. Qe3 Qxe3 30. Nxe3 Kf8 31. g4 h6 32. h4 Ke7 33. Kg2 Kd6 34. Kg3 Bc8 35. Bc2 Ne8 36. f4 Nc7 37. Bd3 a5 38. Kf2 Ne8 39. Kf3 Ng7 40. Kg3 Ne8 41. Be2 Ng7 42. Bf3 Be6 43. Bg2 f5 44. g5 h5 45. Kf2 Ne8 46. Nc2 Nc7 47. Ne1 Bd7 48. Nd3 Be8 49. Ke3 Ne6 50. Ne5 Nc7 51. Bf1 Ke7 52. a4 Kf8 53. Be2 Kg7 54. Bd1 Na6 55. Kd2 Nc7 56. b4 axb4 57. Bb3 Kf8 58. Nd3 Ke7 59. Nxb4 Kd6 60. Nd3 Ne6 61. Ke3 Nc7 62. Ne5 Ne6 63. Bd1 Nc7 64. Be2 Ke6 65. Bd1 Kd6 66. Nd3 Bd7 67. Nc1 Be8 68. Kd2 Ne6 69. Ne2 Bd7 70. Ke3 Be8 71. Ng3 Ng7 72. Kd2 Ne6 73. Ke3 Ng7 74. Bc2 Bd7 75. Kd2 Ne6 76. Ne2 Bc8 77. Kc3 Ba6 78. Bd3 Bxd3 79. Kxd3 Kc6 80. Kc3 Kb7 81. Kb3 1/2-1/2

[Event "Vergani Le Terrazze-Elite 2019"]
[Site "Villorba"]
[Date "2019.01.04"]
[Round "6"]
[White "Buhmann, Rainer"]
[Black "Prithu Gupta"]
[Result "1-0"]
[ECO "E11"]
[WhiteElo "2574"]
[BlackElo "2462"]
[Annotator "ChessBase"]
[PlyCount "49"]
[EventDate "2019.01.02"]
[EventType "swiss"]
[EventCountry "ITA"]
[SourceTitle "playchess.com"]
[Source "ChessBase"]
[SourceQuality "1"]
[TimeControl "5400+30"]

1. Nf3 d5 2. d4 Nf6 3. c4 e6 4. g3 Bb4+ 5. Bd2 Be7 6. Bg2 c6 7. Qc2 b6 8. O-O Nbd7 9. cxd5 cxd5 10. Rc1 O-O 11. Bf4 Bb7 12. Nc3 Rc8 13. Qb3 a6 14. a4 Nb8 15. Ne5 Nc6 16. Nxc6 Rxc6 17. Na2 b5 18. axb5 Qb6 19. Nc3 Rfc8 20. Qa4 Rc4 21. Qa5 Qxd4 22. bxa6 Bb4 23. axb7 Bxa5 24. bxc8=Q+ Rxc8 25. Nb5 1-0

[Event "Vergani Le Terrazze-Elite 2019"]
[Site "Villorba"]
[Date "2019.01.04"]
[Round "6"]
[White "Epishin, Vladimir"]
[Black "Sonis, Francesco"]
[Result "1/2-1/2"]
[ECO "D11"]
[WhiteElo "2563"]
[BlackElo "2473"]
[Annotator "ChessBase"]
[PlyCount "91"]
[EventDate "2019.01.02"]
[EventType "swiss"]
[EventCountry "ITA"]
[SourceTitle "playchess.com"]
[Source "ChessBase"]
[SourceQuality "1"]
[TimeControl "5400+30"]

1. d4 Nf6 2. Nf3 d5 3. c4 c6 4. e3 Bg4 5. Nbd2 e6 6. Bd3 Nbd7 7. h3 Bh5 8. b3 Bd6 9. Bb2 O-O 10. Qc2 Bg6 11. Bxg6 hxg6 12. O-O Qe7 13. e4 dxe4 14. Nxe4 Ba3 15. Nxf6+ gxf6 16. Rfe1 Bxb2 17. Qxb2 Qd6 18. Rad1 Kg7 19. Nd2 Rad8 20. Ne4 Qf4 21. c5 Qc7 22. b4 Rh8 23. Qa3 b5 24. Nd6 Nb6 25. Nxf7 Kxf7 26. cxb6 axb6 27. Qe3 Qd6 28. Rc1 Qd5 29. Qf4 Rd6 30. Rc3 g5 31. Qc1 Rh4 32. Qc2 Kg7 33. Rc1 Rxd4 34. Rxc6 Rxc6 35. Qxc6 Rd1+ 36. Kh2 Rxc1 37. Qxc1 Qxa2 38. Qc7+ Kg6 39. Qxb6 Qc4 40. Qd6 e5 41. Qe7 Qf4+ 42. Kg1 Qc1+ 43. Kh2 Qf4+ 44. Kg1 Qc1+ 45. Kh2 Qf4+ 46. Kg1 1/2-1/2

[Event "Vergani Le Terrazze-Elite 2019"]
[Site "Villorba"]
[Date "2019.01.04"]
[Round "6"]
[White "Basso, Pier Luigi"]
[Black "Ter-Sahakyan, Samvel"]
[Result "0-1"]
[ECO "D24"]
[WhiteElo "2522"]
[BlackElo "2574"]
[Annotator "ChessBase"]
[PlyCount "112"]
[EventDate "2019.01.02"]
[EventType "swiss"]
[EventCountry "ITA"]
[SourceTitle "playchess.com"]
[Source "ChessBase"]
[SourceQuality "1"]
[TimeControl "5400+30"]

1. d4 Nf6 2. c4 e6 3. Nf3 d5 4. Nc3 dxc4 5. e4 b5 6. e5 Nd5 7. Nxb5 Nb6 8. Be2 Nc6 9. O-O Be7 10. Qd2 Nb4 11. Qf4 Qd7 12. Nc3 Bb7 13. Ne4 Nd3 14. Bxd3 cxd3 15. Nc5 Bxc5 16. dxc5 Nd5 17. Qe4 Qb5 18. a4 Qxc5 19. Qxd3 O-O-O 20. Bg5 Nb4 21. Qc3 Rd5 22. Qxc5 Rxc5 23. Be3 Rc2 24. Nd4 Rxb2 25. Bc1 Ra2 26. Bg5 Rxa1 27. Rxa1 Nd3 28. f4 h6 29. Bh4 Nxf4 30. Rf1 Ng6 31. Bg3 Rf8 32. h4 h5 33. Rc1 a6 34. Bf2 Rd8 35. Nb3 Nf4 36. Rc4 Rd1+ 37. Kh2 Nd5 38. Rc2 Nb4 39. Rc4 Nc6 40. Bg3 Rd5 41. Re4 a5 42. Re2 Ba6 43. Rc2 Nxe5 44. Nc5 Bb7 45. Kh3 Nc6 46. Kh2 e5 47. Bf2 Nb4 48. Re2 Bc6 49. Kg1 f6 50. Ne6 Bxa4 51. Nxg7 Bd1 52. Rb2 Bg4 53. Ne8 f5 54. Rb3 Rd3 55. Rb2 Rd1+ 56. Kh2 Nd3 0-1

[Event "Vergani Le Terrazze-Elite 2019"]
[Site "Villorba"]
[Date "2019.01.04"]
[Round "6"]
[White "Gazik, Viktor"]
[Black "Can, Isik"]
[Result "1-0"]
[ECO "A11"]
[WhiteElo "2504"]
[BlackElo "2379"]
[Annotator "ChessBase"]
[PlyCount "48"]
[EventDate "2019.01.02"]
[EventType "swiss"]
[EventCountry "ITA"]
[SourceTitle "playchess.com"]
[Source "ChessBase"]
[SourceQuality "1"]
[TimeControl "5400+30"]

1. Nf3 d5 2. g3 Nf6 3. Bg2 c6 4. O-O Bf5 5. d3 e6 6. c4 dxc4 7. dxc4 Qxd1 8. Rxd1 Bc2 9. Rd2 Bg6 10. Ne5 Bf5 11. Nd3 Nbd7 12. b3 O-O-O 13. Bb2 Be7 14. Nc3 Nc5 15. Ba3 Bxd3 16. exd3 Nce4 17. Nxe4 Bxa3 18. Nxf6 gxf6 19. d4 e5 20. d5 Bc5 21. Rd3 Bd4 22. Re1 c5 23. Re4 Kd7 24. Rh4 h6 1-0

[Event "Vergani Le Terrazze-Elite 2019"]
[Site "Villorba"]
[Date "2019.01.04"]
[Round "6"]
[White "Blohberger, Felix"]
[Black "Yankelevich, Lev"]
[Result "1/2-1/2"]
[ECO "C47"]
[WhiteElo "2450"]
[BlackElo "2448"]
[Annotator "ChessBase"]
[PlyCount "58"]
[EventDate "2019.01.02"]
[EventType "swiss"]
[EventCountry "ITA"]
[SourceTitle "playchess.com"]
[Source "ChessBase"]
[SourceQuality "1"]
[TimeControl "5400+30"]

1. e4 e5 2. Nf3 Nf6 3. Nc3 Nc6 4. d4 exd4 5. Nxd4 Bb4 6. Nxc6 bxc6 7. Bd3 d5 8. exd5 O-O 9. O-O cxd5 10. h3 Be6 11. Qf3 Rb8 12. Bf4 Bd6 13. b3 Rb4 14. Bxd6 Qxd6 15. a3 Rbb8 16. Qg3 Qxg3 17. fxg3 c5 18. Rae1 Rfd8 19. Rf4 Bd7 20. Rxf6 gxf6 21. Nxd5 Kg7 22. Nf4 Rb6 23. a4 Rd6 24. g4 Be6 25. Rf1 Bxb3 26. cxb3 Rxd3 27. Nxd3 Rxd3 28. Rc1 Rxb3 29. Rxc5 Rb6 1/2-1/2

[Event "Vergani Le Terrazze-Elite 2019"]
[Site "Villorba"]
[Date "2019.01.04"]
[Round "6"]
[White "Solomon, Kenny"]
[Black "Andriasian, Zaven"]
[Result "0-1"]
[ECO "B31"]
[WhiteElo "2413"]
[BlackElo "2604"]
[Annotator "ChessBase"]
[PlyCount "92"]
[EventDate "2019.01.02"]
[EventType "swiss"]
[EventCountry "ITA"]
[SourceTitle "playchess.com"]
[Source "ChessBase"]
[SourceQuality "1"]
[TimeControl "5400+30"]

1. e4 c5 2. Nf3 d6 3. Bb5+ Nc6 4. O-O Bd7 5. Re1 Nf6 6. h3 g6 7. c3 a6 8. Bf1 Bg7 9. d4 O-O 10. d5 Na7 11. a4 e5 12. dxe6 Bxe6 13. Na3 Qe7 14. Nc4 Rad8 15. Bf4 Nc8 16. Qc1 Nh5 17. Bg5 f6 18. Bd2 Qf7 19. Ne3 g5 20. Nf5 d5 21. Nxg7 Nxg7 22. exd5 Bxd5 23. Nh2 h5 24. a5 Nd6 25. Be3 Ne6 26. Be2 Nf5 27. Bf3 Nh4 28. Bxd5 Rxd5 29. Qc2 Rfd8 30. b4 cxb4 31. cxb4 Nf5 32. Bb6 R8d7 33. Nf1 Nf4 34. Ne3 Nxe3 35. Rxe3 Nd3 36. Qc8+ Kg7 37. Qc3 h4 38. Rb1 Qg6 39. Rd1 Nxb4 40. Rde1 Nc6 41. Kh2 Ne5 42. Qc8 Qf5 43. Rc3 g4 44. Rc7 gxh3 45. Rxe5 Qxe5+ 46. Kxh3 Rd3+ 0-1

[Event "Vergani Le Terrazze-Elite 2019"]
[Site "Villorba"]
[Date "2019.01.04"]
[Round "6"]
[White "Gilevych, Artem"]
[Black "Shyam, Sundar M."]
[Result "1/2-1/2"]
[ECO "E41"]
[WhiteElo "2404"]
[BlackElo "2509"]
[Annotator "ChessBase"]
[PlyCount "41"]
[EventDate "2019.01.02"]
[EventType "swiss"]
[EventCountry "ITA"]
[SourceTitle "playchess.com"]
[Source "ChessBase"]
[SourceQuality "1"]
[TimeControl "5400+30"]

1. d4 Nf6 2. c4 e6 3. Nc3 Bb4 4. e3 c5 5. Bd3 Nc6 6. Nf3 Bxc3+ 7. bxc3 d6 8. O-O e5 9. Nd2 O-O 10. Ne4 Nxe4 11. Bxe4 Qe7 12. dxc5 dxc5 13. Bxc6 bxc6 14. Qa4 Bf5 15. Rd1 Qf6 16. Qa5 Qg6 17. Kh1 Bd3 18. Ba3 e4 19. Qxc5 Rfe8 20. Rd2 Qe6 21. Bb4 1/2-1/2

[Event "Vergani Le Terrazze-Elite 2019"]
[Site "Villorba"]
[Date "2019.01.05"]
[Round "7"]
[White "Sadhwani, Raunak"]
[Black "Epishin, Vladimir"]
[Result "0-1"]
[ECO "B01"]
[WhiteElo "2451"]
[BlackElo "2563"]
[Annotator "ChessBase"]
[PlyCount "42"]
[EventDate "2019.01.02"]
[EventType "swiss"]
[EventCountry "ITA"]
[SourceTitle "playchess.com"]
[Source "ChessBase"]
[SourceQuality "1"]
[TimeControl "5400+30"]

1. e4 d5 2. exd5 Qxd5 3. Nf3 Nf6 4. Be2 c5 5. O-O Nc6 6. Nc3 Qd8 7. Bb5 Bd7 8. d4 Nxd4 9. Nxd4 cxd4 10. Qxd4 Bxb5 11. Qxd8+ Rxd8 12. Nxb5 a6 13. Nc3 e6 14. Bg5 Be7 15. Rad1 Nd7 16. Bf4 Rc8 17. Rfe1 Nb6 18. Re2 O-O 19. Ne4 Rfd8 20. Rd3 Rd7 21. Rxd7 Rd8 0-1

[Event "Vergani Le Terrazze-Elite 2019"]
[Site "Villorba"]
[Date "2019.01.05"]
[Round "8"]
[White "Epishin, Vladimir"]
[Black "Prithu Gupta"]
[Result "1-0"]
[ECO "E12"]
[WhiteElo "2563"]
[BlackElo "2462"]
[Annotator "ChessBase"]
[PlyCount "94"]
[EventDate "2019.01.02"]
[EventType "swiss"]
[EventCountry "ITA"]
[SourceTitle "playchess.com"]
[Source "ChessBase"]
[SourceQuality "1"]
[TimeControl "5400+30"]

1. d4 Nf6 2. Nf3 e6 3. c4 b6 4. Bg5 Bb7 5. e3 Be7 6. Bd3 c5 7. O-O cxd4 8. Nxd4 d6 9. Nc3 Nbd7 10. Rc1 a6 11. b3 O-O 12. Qe2 Qc7 13. Rfd1 Rac8 14. Bh4 Rfe8 15. Bg3 Qb8 16. Bb1 Qa8 17. Nf3 e5 18. Bh4 g6 19. e4 Red8 20. a4 Nc5 21. Bc2 Rc7 22. Re1 Ne6 23. Rcd1 Qc8 24. Rd2 Nf4 25. Qd1 Qg4 26. Bg3 N6h5 27. Re3 Qc8 28. Bxf4 Nxf4 29. g3 Ne6 30. Nd5 Bxd5 31. Rxd5 Rc5 32. Re1 b5 33. Bd3 b4 34. Bf1 Rxd5 35. cxd5 Nc5 36. Nd2 a5 37. Nc4 Qc7 38. h4 Rf8 39. h5 Bg5 40. Bd3 Bd8 41. Kg2 Qe7 42. Rh1 Bc7 43. Bc2 Qf6 44. Qg4 Qg7 45. Qh4 Bd8 46. Qh3 Bc7 47. Ne3 h6 1-0

[Event "Vergani Le Terrazze-Elite 2019"]
[Site "Villorba"]
[Date "2019.01.05"]
[Round "8"]
[White "Velten, Paul"]
[Black "Sonis, Francesco"]
[Result "1/2-1/2"]
[ECO "D10"]
[WhiteElo "2496"]
[BlackElo "2473"]
[Annotator "ChessBase"]
[PlyCount "45"]
[EventDate "2019.01.02"]
[EventType "swiss"]
[EventCountry "ITA"]
[SourceTitle "playchess.com"]
[Source "ChessBase"]
[SourceQuality "1"]
[TimeControl "5400+30"]

1. d4 d5 2. c4 c6 3. e3 Nf6 4. Nc3 Be6 5. cxd5 Nxd5 6. Nf3 Bg4 7. Bd3 g6 8. h3 Bxf3 9. Qxf3 Bg7 10. Bc4 e6 11. O-O O-O 12. Rd1 Nd7 13. e4 N5b6 14. Bb3 Qe7 15. Be3 Rfd8 16. e5 Nd5 17. Ne4 Nxe3 18. fxe3 Rf8 19. Rac1 f6 20. Qg4 f5 21. Qg5 Rfe8 22. Qxe7 Rxe7 23. Nc5 1/2-1/2

[Event "Vergani Le Terrazze-Elite 2019"]
[Site "Villorba"]
[Date "2019.01.05"]
[Round "8"]
[White "Rahul Srivatshav P"]
[Black "Blohberger, Felix"]
[Result "1/2-1/2"]
[ECO "A13"]
[WhiteElo "2370"]
[BlackElo "2450"]
[Annotator "ChessBase"]
[PlyCount "40"]
[EventDate "2019.01.02"]
[EventType "swiss"]
[EventCountry "ITA"]
[SourceTitle "playchess.com"]
[Source "ChessBase"]
[SourceQuality "1"]
[TimeControl "5400+30"]

1. Nf3 Nf6 2. e3 d5 3. c4 e6 4. b3 Bd6 5. Bb2 O-O 6. Nc3 a6 7. Be2 b6 8. O-O Bb7 9. d4 Nbd7 10. Qc2 Ne4 11. Bd3 f5 12. Ne2 Qe7 13. Ne5 Rac8 14. Nxd7 Qxd7 15. c5 bxc5 16. Bxe4 fxe4 17. dxc5 Be7 18. Nd4 Bf6 19. f4 exf3 20. Nxf3 d4 1/2-1/2

[Event "Vergani Le Terrazze-Elite 2019"]
[Site "Villorba"]
[Date "2019.01.06"]
[Round "9"]
[White "Blohberger, Felix"]
[Black "Ashwath, R.."]
[Result "1/2-1/2"]
[ECO "B31"]
[WhiteElo "2450"]
[BlackElo "2314"]
[Annotator "ChessBase"]
[PlyCount "64"]
[EventDate "2019.01.02"]
[EventType "swiss"]
[EventCountry "ITA"]
[SourceTitle "playchess.com"]
[Source "ChessBase"]
[SourceQuality "1"]
[TimeControl "5400+30"]

1. e4 c5 2. Nf3 Nc6 3. Bb5 g6 4. O-O Bg7 5. Re1 e5 6. Bxc6 dxc6 7. d3 Qe7 8. Be3 Bg4 9. Nbd2 Nf6 10. h3 Bxf3 11. Nxf3 O-O 12. a3 Rfd8 13. Nd2 Nd7 14. b4 b6 15. Qb1 Bf8 16. b5 cxb5 17. Qxb5 a6 18. Qb3 b5 19. a4 c4 20. dxc4 Nc5 21. Qa2 Nxa4 22. cxb5 axb5 23. c4 Nb6 24. Qb3 Nxc4 25. Nxc4 bxc4 26. Qxc4 Qb4 27. Qxb4 Bxb4 28. Rec1 Rxa1 29. Rxa1 Kg7 30. Bg5 Rd4 31. Ra6 Rd6 32. Rxd6 Bxd6 1/2-1/2